 Dungeon Crawl Stone Soup version 0.29.0-11-gd7f09526c8 (webtiles) character file.

Game seed: 18017219046431944051

38 sentinel the Stinger (level 3, -3/26 HPs)
             Began as a Meteoran Venom Mage on Sept 2, 2022.
             Slain by an iguana (12 damage)
             ... on level 5 of the Dungeon.
             The game lasted 00:02:16 (331 turns).

sentinel the Stinger (Meteoran Venom Mage)           Turns: 331, Time: 00:02:16

Health: -3/26      AC:  3    Str:  9    XL:     3   Next: 91%
Magic:  4/8        EV: 12    Int: 19    God:
Gold:   0          SH:  0    Dex: 14    Spells: 6/7 levels left

rFire   . . .      SeeInvis +   (no weapon)
rCold   . . .      Faith    .   (no shield)
rNeg    . . .      Spirit   .   a - +0 robe
rPois   .          Reflect  .   (no helmet)
rElec   .          Harm     .   (no cloak)
rCorr   .          Rampage  .   h - +0 pair of gloves
Will    .....                   (no boots)
Stlth   +.........              (no amulet)
HPRegen 0.08/turn               i - ring of see invisible
MPRegen 0.11/turn               (no ring)

@: glowing
A: sense surroundings 1, otherworldly, glowing, explore regen
a: no special abilities


You were on level 5 of the Dungeon.
You visited 1 branch of the dungeon, and saw 6 of its levels.

Inventory:

Hand Weapons
 c - a +0 dagger
 d - a +0 sling
Armour
 a - a +0 robe (worn)
 h - a +0 pair of gloves (worn)
Jewellery
 i - a ring of see invisible (left hand)
Potions
 b - a potion of magic
 e - a potion of attraction
 f - a potion of might {unknown}
 j - a potion of brilliance {unknown}


   Skills:
 - Level 2.4 Dodging
 - Level 1.4 Stealth
 - Level 2.6 Spellcasting
 - Level 1.2 Transmutations
 + Level 5.3 Poison Magic


You had 6 spell levels left.
You knew the following spells:

 Your Spells              Type           Power      Damage    Failure   Level
a - Sting                 Tmut/Pois      60%        1d6       4%          1

Your spell library contained the following spells:

 Spells                   Type           Power      Damage    Failure   Level
 Poisonous Vapours        Pois/Air       24%        N/A       8%          2
 Olgreb's Toxic Radiance  Pois           22%        N/A       17%         4
 Mephitic Cloud           Conj/Pois/Air  9%         N/A       22%         3


Dungeon Overview and Level Annotations

Branches:
Dungeon (6/15) Zot: 3269
 Temple: D:4-7

Altars:
Zin

Annotations:
D:3 Robin


Innate Abilities, Weirdness & Mutations

You passively map a small area around you.
You are easily found by Zot.
You glow in the dark.
You regain HP and MP as you explore.


Message History

Magic restored.
Found a pair of gloves.
Magic restored.
Found a stone staircase leading up and a stone staircase leading down.
You see here a +0 pair of gloves.
You start putting on your armour.
You continue putting on your +0 pair of gloves. x4
You finish putting on your +0 pair of gloves.
There is a stone staircase leading up here.
You climb upwards.
Level annotation: Robin
Found an escape hatch in the ceiling.
There is a stone staircase leading down here.
You climb downwards.
You hear the sound of rushing water.
There is an entrance to a sewer on this level.
Hurry and find it before the portal rusts away!
There is a stone staircase leading up here.
There is a stone staircase leading down here.
You climb downwards.
Found a fizzy purple potion and a halberd.
There is a stone staircase leading up here.
j - a fizzy purple potion
As you read the scroll labelled QOSHRO MIFAXUC, it crumbles to dust.
It is a scroll of identify.
e - a potion of attraction You open the door.
Found 5 stones.
A jackal comes into view.
The jackal barks!
There is an open door here.
A jackal comes into view.
The jackal barks!
A jackal comes into view. x2
The sting hits the jackal but does no damage.
The jackal is poisoned.
The jackal barks! x2
The sting hits the jackal but does no damage.
The jackal looks even sicker.
Found a stone staircase leading down.
The jackal bites you but does no damage.
The jackal bites you.
The jackal bites you but does no damage.
Casting: Sting (safe; 4% risk of failure)
Confirm with . or Enter, or press ? or * to list all spells.
Aiming: Sting (safe; 4% risk of failure)
Press: ? - help, Shift-Dir - straight line, f/p - jackal
Aim: a jackal (heavily wounded, very poisoned, 64% to hit)
The sting misses the jackal.
You kill the jackal!
The jackal barely misses you.
Your Poison Magic skill increases to level 5!
Casting: Sting (safe; 4% risk of failure)
Confirm with . or Enter, or press ? or * to list all spells.
Aiming: Sting (safe; 4% risk of failure)
Press: ? - help, Shift-Dir - straight line, f - jackal
Aim: a jackal (64% to hit)
The sting misses the jackal.
The jackal barely misses you.
The jackal bites you but does no damage.
The jackal barely misses you.
The jackal bites you but does no damage.
The jackal closely misses you. The jackal bites you.
Casting: Sting (safe; 4% risk of failure)
Confirm with . or Enter, or press ? or * to list all spells.
Aiming: Sting (safe; 4% risk of failure)
Press: ? - help, Shift-Dir - straight line, f/p - jackal
Aim: a jackal (64% to hit)
The sting hits the jackal.
The jackal is poisoned.
The jackal is heavily wounded.
The jackal barely misses you. The jackal bites you.
The jackal barely misses you.
Casting: Sting (safe; 4% risk of failure)
Confirm with . or Enter, or press ? or * to list all spells.
Aiming: Sting (safe; 4% risk of failure)
Press: ? - help, Shift-Dir - straight line, f - jackal, p - jackal
Aim: a jackal (64% to hit)
The sting hits the jackal.
The jackal is poisoned.
The jackal is moderately wounded.
You kill the jackal!
The jackal closely misses you. The jackal bites you.
Casting: Sting (safe; 4% risk of failure)
Confirm with . or Enter, or press ? or * to list all spells.
Aiming: Sting (safe; 4% risk of failure)
Press: ? - help, Shift-Dir - straight line, f - jackal, p - jackal
Aim: a jackal (64% to hit)
The sting hits the jackal.
The jackal is poisoned.
The jackal is severely wounded.
The jackal misses you. The jackal completely misses you.
The jackal bites you. x2
Casting: Sting (safe; 4% risk of failure)
Confirm with . or Enter, or press ? or * to list all spells.
Aiming: Sting (safe; 4% risk of failure)
Press: ? - help, Shift-Dir - straight line, f/p - jackal
Aim: a jackal (almost dead, poisoned, 64% to hit)
Okay, then.
You kill the jackal!
The jackal bites you.
You see here a jackal corpse.
The jackal closely misses you. The jackal attacks as you move away!
The jackal barely misses you.
You kill the jackal!
Found a stone staircase leading up.
Found 5 stones.
There is a stone staircase leading down here.
You climb downwards.
There is a stone staircase leading up here.
The sting hits the adder.
The adder is poisoned.
The adder is lightly wounded.
The sting hits the adder.
The adder looks even sicker.
The adder is moderately wounded.
The sting hits the adder.
The adder looks even sicker.
The adder is severely wounded.
The adder bites you but does no damage.
The sting misses the adder.
You kill the adder!
You climb upwards.
There is a stone staircase leading down here.
There is a stone staircase leading up here.
You climb upwards.
You hear the sound of rushing water.
There is an entrance to a sewer on this level.
Hurry and find it before the portal rusts away!
You hear the slow rusting of a very distant drain.
There is a stone staircase leading down here.
You climb downwards.
There is a stone staircase leading up here.
An iguana comes into view.
Found 6 gold pieces and a book of Necromancy.
The iguana hisses angrily.
An iguana comes into view.
The sting hits the iguana but does no damage.
The iguana is poisoned.
Press: ? - help, v - describe, . - travel, g - get item Item here: a book of Necromancy.
The floor.
Casting: Sting (safe; 4% risk of failure)
Confirm with . or Enter, or press ? or * to list all spells.
Aiming: Sting (safe; 4% risk of failure)
Press: ? - help, Shift-Dir - straight line, f/p - iguana
Aim: an iguana (poisoned, 77% to hit)
The sting hits the iguana.
The iguana looks even sicker.
The iguana is lightly wounded.
The iguana bites you!
Casting: Sting (safe; 4% risk of failure)
Confirm with . or Enter, or press ? or * to list all spells.
Aiming: Sting (safe; 4% risk of failure)
Press: ? - help, Shift-Dir - straight line, f/p - iguana
Aim: an iguana (lightly wounded, very poisoned, 77% to hit)
The sting hits the iguana.
The iguana looks even sicker.
The iguana is moderately wounded.
The iguana bites you. The iguana attacks as you move away!
The iguana bites you. The iguana attacks as you move away!
The iguana bites you!
You die...

...........###.......#
.......>...#
#.....)... *
#######....#
##......## *
#........## #......#
#........# ########
#........# ,
#...<....# #........#
, #....@...# ,
######l#.# *
..........#* *
,.......l..#* ,
..........#* ,
..........# ,
..$.......#
...:......# ,
..........# ,


You could see 2 iguanas.

Vanquished Creatures
  An adder (D:6)
  2 dart slugs (D:1)
  3 bats
  2 endoplasms
  4 goblins
  3 hobgoblins
  4 jackals (D:5)
  3 rats
22 creatures vanquished.

Notes
Turn   | Place    | Note
-------+----------+-------------------------------------------
     0 | D:1      | sentinel the Meteoran Venom Mage began the quest for the
                  | Orb.
     0 | D:1      | Reached XP level 1. HP: 14/14 MP: 5/5
    25 | D:1      | Reached skill level 4 in Poison Magic
    25 | D:1      | Reached XP level 2. HP: 10/20 MP: 0/6
   174 | D:2      | Found a glowing silver altar of Zin.
   188 | D:3      | Noticed Robin
   194 | D:3      | Reached XP level 3. HP: 26/26 MP: 8/8
   282 | D:5      | Entered Level 5 of the Dungeon
   297 | D:5      | Reached skill level 5 in Poison Magic
   331 | D:5      | Slain by an iguana

Illustrated notes

Levels and vault maps discovered:
D:1:      wander_arrival_fairy_ring, layout_loops_corners,
          hangedman_decor_riveting
D:2:      layout_basic, basic_altar, grunt_decor_one_mirror
D:3:      layout_basic, kennysheep_crisscross, roderic_batcave, uniq_sigmund,
          uniq_jessica, uniq_robin
D:4:      layout_basic, minmay_temple_entry_antechambers, gup_sewer_entry_bowl
D:5:      layout_basic, serial_shops, nicolae_shop_hallway_plus
D:6:      minmay_clustersquares, layout_basic, uniq_blork_the_orc

Skill      XL: |  1  2  3 |
---------------+----------+-----
Poison Magic   | 4 5 |  5.3
Dodging        | |  2.4
Stealth        | |  1.4
Spellcasting   | |  2.6
Transmutations | |  1.2

Action                   || total
-------------------------++-------
 Cast: Sting             ||    44
  Use: Scroll            ||     2
Armor: Robe              ||    14
Dodge: Dodged            ||    36
